AoeStats
← danielcrisan93

Arabia

509418940Analyzed
1v1 RM · 4d ago on Sep 26, 2026· 27m 22s· 2 players
Game mode
Random Map
Map size
Tiny (2 player)
Population
200
Speed
Normal
Resources
Standard
Victory
Conquest
Starting age
Dark Age
Ending age
Imperial Age
RankedLock teamsTeams togetherTeam positionsShared explorationLock speedFull tech treeHidden civsTurbo modeCheats
Victory
Defeat
🇮🇳 Franks · India
513
+17
🇷🇴 Japanese · Romania
529
-17
ItsEmpeRoRDj
0:27 Loom
10:50 Feudal Age
11:19 Double-Bit Axe
18:43 Castle Age
16:59 Gold Mining
19:21 Pikeman
20:29 Fletching
21:11 Bow Saw
22:31 Wheelbarrow
danielcrisan93
8:37 Loom
11:48 Feudal Age
15:13 Man-at-Arms
17:06 Double-Bit Axe
Connection lost

Rejoining the realm…

Still unreachable

The connection could not be restored.

Session expired

The server has moved on; the page needs a fresh start.